 Dungeon Crawl Stone Soup version 0.30.1-11-g7821555f0a (webtiles) character file.

Game seed: 13780275556985847421

314403 Gumption the Spry (level 21, 0/180 HPs)
             Began as a Merfolk Gladiator on Nov 18, 2023.
             Was an Initiate of Gozag.
             Shot with a bolt by a yaktaur (12 damage)
             ... led by a yaktaur captain
             ... on level 2 of the Vaults on Dec 13, 2023.
             The game lasted 08:53:02 (55430 turns).

Gumption the Spry (Merfolk Gladiator)              Turns: 55430, Time: 08:53:03

Health: 0/180      AC: 29    Str: 18    XL:     21   Next: 35%
Magic:  21/21      EV: 15    Int:  5    God:    Gozag
Gold:   8280       SH: 19    Dex: 22    Spells: 20/20 levels left

rFire   + + +        a - +5 double sword (drain)
rCold   + + .        Q - +2 shield of Resistance {rF++ rC++ Will++}
rNeg    + + .        x - +2 plate armour {Will+}
rPois   +            m - +1 helmet {SInv}
rElec   +            N - +2 ratskin cloak {*Rats rPois rN+ Str-1 Int-1 Dex+1}
rCorr   +            C - +1 Delatra's gloves {ID++}
SInv    +            p - +0 pair of boots of Recklessness {Rampage rF+ rCorr}
Will    ++++.        V - amulet "Vuebauco" {rN+ Regen+} Stlth
                     q - +4 ring of protection
HPRegen 1.30/turn    S - ring "Guig" {Drain Fly rElec Slay+4}
MPRegen 0.17/turn

%: rampage
@: flying, studying Long Blades, invisible, bribing [the Vaults]
A: (nimble swimmer 2), mertail, dopey 1, no potion heal 1
}: 2/15 runes: decaying, gossamer
a: Renounce Religion, Potion Petition, Call Merchant, Bribe Branch


You were on level 2 of the Vaults.
You worshipped Gozag.
Gozag was greatly pleased with you.
You visited 8 branches of the dungeon, and saw 36 of its levels.
You visited the Abyss 1 time.
You also visited: Gauntlet, Ice Cave and Volcano.

You collected 17690 gold pieces.
You spent 3789 gold pieces at shops.
You paid 5621 gold pieces to Gozag.

Inventory:

Hand Weapons
 a - a +5 double sword of draining (weapon)
 b - a +3 scimitar of flaming
Missiles
 d - 7 throwing nets
 e - 8 curare-tipped darts
 w - 15 boomerangs
 y - 12 javelins (quivered)
 H - 69 poisoned darts
Armour
 m - a +1 helmet of see invisible (worn)
 p - the +0 pair of boots of Recklessness (worn) {Rampage rF+ rCorr}
   (You found it on level 2 of the Dungeon)

   rF:        It protects you from fire.
   rCorr:     It protects you from acid and corrosion.
   Rampage:   It bestows one free step when moving towards enemies.
 x - a +2 plate armour of willpower (worn)
 C - the +1 Delatra's gloves (worn) {ID++}
   (You found it on level 4 of the Dungeon)

   ID++:      It heals its wearer when they drink unknown potions, and restores
   their MP when they read unknown scrolls.
 N - the +2 ratskin cloak (worn) {*Rats rPois rN+ Str-1 Int-1 Dex+1}
   (You found it on level 7 of the Dungeon)

   *Rats:     When the wearer is hurt, rats may emerge from it to assist them.
   Str:       It affects your strength (-1).
   Int:       It affects your intelligence (-1).
   Dex:       It affects your dexterity (+1).
   rPois:     It protects you from poison.
   rN:        It protects you from negative energy.
 Q - the +2 shield of Resistance (worn) {rF++ rC++ Will++}
   (You bought it in a shop on level 2 of the Orcish Mines)

   rF:        It greatly protects you from fire.
   rC:        It greatly protects you from cold.
   Will:      It greatly increases your willpower.
Jewellery
 q - a +4 ring of protection (left hand)
 S - the ring "Guig" (right hand) {Drain Fly rElec Slay+4}
   (You bought it in a shop on level 2 of the Elven Halls)

   [ring of slaying]

   Slay:      It affects your accuracy & damage with ranged weapons and melee
   (+4).
   rElec:     It insulates you from electricity.
   Fly:       It grants you flight.
   Drain:     It drains your maximum health when unequipped.
 V - the amulet "Vuebauco" (around neck) {rN+ Regen+}
   (You bought it in a shop on level 3 of the Elven Halls)

   [amulet of regeneration]

   rN:        It protects you from negative energy.
   Regen:     It increases your rate of health regeneration.
 X - the ring of Cirroukarr {EV+5 Int+5}
   (You took it off a deep elf zephyrmancer on level 3 of the Elven Halls)

   [ring of evasion]

   EV:        It affects your evasion (+5).
   Int:       It affects your intelligence (+5).
Wands
 l - a wand of polymorph (13)
 E - a wand of paralysis (14)
 G - a wand of roots (49)
 I - a wand of mindburst (47)
 M - a wand of flame (50)
 T - a wand of light (20)
 Z - a wand of digging (9)
Scrolls
 f - 9 scrolls of immolation
 i - 11 scrolls of fog
 r - 3 scrolls of blinking
 s - 8 scrolls of fear
 u - 2 scrolls of poison
 v - a scroll of summoning
 K - 2 scrolls of silence
 L - 18 scrolls of identify
 O - a scroll of amnesia
 R - a scroll of enchant armour
 U - 5 scrolls of teleportation
 Y - 3 scrolls of magic mapping
Potions
 g - 12 potions of brilliance
 h - 22 potions of curing
 k - 8 potions of haste
 n - 5 potions of magic
 o - 9 potions of flight
 t - 3 potions of ambrosia
 z - 3 potions of invisibility
 A - 4 potions of might
 B - a potion of cancellation
 D - a potion of resistance
 J - 7 potions of heal wounds
Miscellaneous
 c - a phial of floods
 j - a tin of tremorstones (2/2)


   Skills:
 + Level 19.2 Fighting
 - Level 16.0 Long Blades
 - Level 6.3 Polearms
 - Level 12.0 Throwing
 - Level 8.0 Armour
 - Level 20.0 Dodging
 + Level 19.7 Shields
 - Level 12.0 Evocations


You had 20 spell levels left.
You didn't know any spells.
Your spell library contained the following spells:

 Spells                   Type           Power      Damage    Failure   Level
 Apportation              Tloc           0%         N/A       100%        1
 Kiss of Death            Conj/Necr      0%         2d5       100%        1
 Sandblast                Erth           0%         2d4       100%        1
 Summon Small Mammal      Summ           0%         N/A       100%        1
 Cigotuvi's Dreadful Rot  Necr/Pois/Air  0%         N/A       100%        2
 Ensorcelled Hibernation  Hex/Ice        0%         N/A       100%        2
 Passwall                 Tmut/Erth      0%         N/A       100%        2
 Scorch                   Fire           0%         2d5       100%        2
 Static Discharge         Conj/Air       0%         2-2/arc   100%        2
 Confusing Touch          Hex            0%         N/A       100%        3
 Ignite Poison            Fire/Tmut/Pois 0%         N/A       100%        3
 Inner Flame              Hex/Fire       0%         N/A       100%        3
 Stone Arrow              Conj/Erth      0%         3d7       100%        3
 Swiftness                Air            0%         N/A       100%        3
 Vhi's Electric Charge    Tloc/Air       0%         N/A       100%        3
 Airstrike                Air            0%         2d(0-16)  100%        4
 Dispel Undead            Necr           0%         3d6       100%        4
 Flame Wave               Conj/Fire      0%         2d4       100%        4
 Olgreb's Toxic Radiance  Pois           0%         N/A       100%        4
 Petrify                  Tmut/Erth      0%         N/A       100%        4
 Sticky Flame             Conj/Fire      0%         2d3       100%        4
 Summon Lightning Spire   Summ/Air       0%         N/A       100%        4
 Alistair's Intoxication  Tmut/Pois      0%         N/A       100%        5
 Arcjolt                  Conj/Air       0%         1d10      100%        5
 Freezing Cloud           Conj/Ice/Air   0%         6-21      100%        5
 Metabolic Englaciation   Hex/Ice        0%         N/A       100%        5
 Yara's Violent Unravell  Hex/Tmut       0%         3d3       100%        5
 Plasma Beam              Fire/Air       0%         2x1d11    100%        6
 Statue Form              Tmut/Erth      0%         N/A       100%        6
 Summon Cactus Giant      Summ           0%         N/A       100%        6
 Enfeeble                 Hex            0%         N/A       100%        7
 Ozocubu's Refrigeration  Ice            0%         4d7       100%        7
 Storm Form               Tmut/Air       0%         N/A       100%        7
 Summon Hydra             Summ           0%         N/A       100%        7
 Discord                  Hex            0%         N/A       100%        8
 Ignition                 Fire           0%         3d3       100%        8
 Maxwell's Capacitive Co  Air            0%         ∞         100%        8
 Polar Vortex             Ice            0%         N/A       100%        9
 Simulacrum               Ice/Necr       Unusable   N/A       N/A         6

Dungeon Overview and Level Annotations

Branches:
Dungeon (15/15)            Temple (0/1) D:5            Lair (5/5) D:10
  Swamp (4/4) Lair:2       Spider (4/4) Lair:2        Slime (0/5) Lair:4
    Orc (2/2) D:9             Elf (3/3) Orc:2        Vaults (2/5) D:13
 Depths (1/4) D:15          IceCv (visited)         Volcano (visited)
Gauntlet (visited)
  Crypt: Vaults:2-3

Altars:
Ashenzari
Cheibriados
Dithmenos
Elyvilon
Fedhas
Gozag
Kikubaaqudgha
Nemelex Xobeh
Okawaru
Ru
Sif Muna
Vehumet
Xom
Yredelemnul
Zin
The Shining One

Shops:
D:9 [   D:13 [   D:15 ([   Orc:2 ?*![   Elf:2 =(=*   Elf:3 :==

Portals:
Abyss: Lair:3
Trove: D:14 (give +3 storm dragon scales)

Annotations:
D:2 1 runed translucent door, Crazy Yiuf
D:13 3 runed translucent doors, exclusion: downstairs, tykejmi's ghost, journeyman SpEn
Lair:3 2 transporters, Voland's ghost, journeyman TeAE
Orc:2 3 runed translucent doors, Lunarhour's ghost, journeyman MiBe
Vaults:2 Jory


Innate Abilities, Weirdness & Mutations

((You are very nimble when in or above water. (Stealth+, EV+, Speed+++)))
Your lower body shifts to a powerful aquatic tail in water.
You are dopey. (Int -2)
Potions are less effective at restoring your health.


Message History

The wizard misses you.
You hit Jory but do no damage.
Jory is moderately damaged.
The yaktaur captain shoots a bolt.
You block the bolt.
The yaktaur shoots a bolt.
The bolt hits Jory.
The yaktaur shoots a bolt.
You block the bolt.
Your system partially rejects the healing.
You feel much better.
The ironbound preserver is no longer distracted by gold.
You block the vault warden's attack.
Jory hits you with a +2 battleaxe of freezing!!
* * * LOW HITPOINT WARNING * * *
Jory freezes you.
* * * LOW HITPOINT WARNING * * *
Jory bites you but does no damage. You block the wizard's attack.
The ironbound preserver completely misses you.
The yaktaur shoots a bolt.
The bolt hits the vault warden!
You slice Jory!!
Jory is heavily damaged.
You block the vault warden's attack.
The yaktaur wields a +0 arbalest.
The yaktaur shoots a bolt.
The bolt hits Jory!
Jory closely misses you. You block Jory's attack.
The wizard hits you with a +0 dagger.
* * * LOW HITPOINT WARNING * * *
The ironbound preserver hits you but does no damage.
The yaktaur shoots a bolt.
The bolt hits the vault warden!!
The yaktaur shoots a bolt.
The bolt hits Jory!!
The yaktaur shoots a bolt.
The bolt closely misses you.
The bolt hits the vault warden.
The yaktaur captain shoots a bolt.
The bolt hits Jory!!
A magical barricade bars your way!
You slash Jory!
Jory is almost destroyed.
The vault warden is no longer distracted by gold.
The vault warden completely misses you. You block the vault warden's attack.
Jory draws life force from you.
* * * LOW HITPOINT WARNING * * *
Jory is healed by the life force!
The ironbound preserver misses you.
The yaktaur shoots a bolt.
The bolt hits Jory!!
The yaktaur shoots a bolt.
The bolt hits you!
You die...
Your body crumbles into a pile of gold.

.####p####### .#
#.p.....# .# #.......#
.# #.......# .#
#......p#
#####[......#
...['......c#########
....#......ppGcp....##
....##########Tp@V...#
....# ##p......# ....#
##p...c..# ....#
##.......# #####
##..ccc.. #......
######


You could see Jory, an ironbound preserver (unable to see you), 2 vault wardens,
a yaktaur captain (unable to see you), a great orb of eyes, a deep troll, a
vault sentinel (strong), an ironbound convoker (unable to see you), 5 yaktaurs
and a wizard (strong, unable to see you).

Vanquished Creatures
  An ancient lich (Vaults:2)
  3 tentacled monstrosities
  Mlioglotl (Swamp:1)
  2 deep elf blademasters (Elf:3)
  2 deep elf master archers (Elf:3)
  A sphinx (Vaults:1)
  A quicksilver dragon (Vaults:1)
  Gastronok (Lair:1)
  3 thorn hunters (Swamp:4)
  2 azure jellies (IceCv)
  A fenstrider witch (Swamp:4)
  2 storm dragons (Elf:1)
  A rockslime (IceCv)
  Louise (D:14)
  3 deep elf sorcerers
  8 emperor scorpions
  A vault warden (Vaults:1)
  3 ghost moths
  Aizul (Spider:4)
  An orc warlord (Orc:1)
  6 ironbound preservers
  5 very ugly things
  6 deep elf elementalists (Elf:3)
  A hydra skeleton (Swamp:4)
  4 quicksilver oozes (IceCv)
  3 broodmothers
  An ironbound thunderhulk (Vaults:1)
  3 vampire knights
  11 deep elf demonologists
  4 eleionomae
  Azrael (D:14)
  A minotaur (Gauntlet)
  4 bunyips
  A lorocyproca (D:14)
  8 deep elf annihilators (Elf:3)
  6 deep elf death magi
  4 shambling mangroves
  2 spark wasps
  A ragged hierophant (Vaults:1)
  3 entropy weavers
  A great orb of eyes (Abyss:2)
  2 yaktaur captains (Vaults:1)
  3 deep elf high priests
  8 vault guards
  Erolcha (D:10)
  2 ice dragons (Elf:1)
  2 ogre magi
  Fannar (D:11)
  Erica (D:11)
  5 ghost crabs
  18 hydras
  2 ironbound frosthearts
  A merfolk avatar (Lair:5)
  3 radroaches
  9 centaur warriors
  2 catoblepae (Gauntlet)
  5 two-headed ogres
  5 death yaks (Lair:5)
  6 boulder beetles
  2 alligators
  3 tengu warriors
  22 dancing weapons
  A death scarab (Spider:1)
  8 orc high priests
  19 deep elf knights
  Sonja (D:11)
  Nergalle (D:11)
  4 skysharks
  A spatial maelstrom (Abyss:2)
  A fire crab (Lair:5)
  8 goliath frogs
  2 skeletal warriors (Volcano)
  3 sun moths
  3 flayed ghosts
  3 swamp dragons (Swamp:4)
  25 deep trolls
  8 pharaoh ants
  6 orb spiders
  6 wizards
  5 spriggan druids
  5 lindwurms (Vaults:1)
  4 spectral hydras (Swamp:4)
  6 orc knights
  3 ironbound convokers
  An orange crystal statue (IceCv)
  3 bog bodies (Swamp:1)
  9 deep elf archers
  2 harpies (Lair:5)
  8 steelbarb worms
  3 necromancers
  6 orc sorcerers
  25 wolf spiders
  23 deep elf zephyrmancers
  26 deep elf pyromancers
  3 manticores
  A will-o-the-wisp (Swamp:1)
  A shining eye (shapeshifter) (Elf:3)
  4 cyclopes
  6 moths of wrath
  10 ugly things
  8 elephants
  3 oklob plants (Swamp:4)
  3 black mambas
  2 vault sentinels (Vaults:1)
  Joseph (Lair:1)
  A naga mage (D:15)
  An orange demon (Abyss:2)
  10 gargoyles
  14 cane toads
  A molten gargoyle (Gauntlet)
  5 torpor snails
  9 demonic crawlers
  6 yaktaurs (Vaults:1)
  3 unseen horrors
  A kobold demonologist (D:12)
  A centaur skeleton (D:15)
  3 freezing wraiths
  An ice devil (Gauntlet)
  3 rime drakes
  10 komodo dragons
  2 efreet (D:15)
  2 ancient zymes (Abyss:2)
  2 hydra zombies (Swamp:4)
  3 death drake zombies (Swamp:4)
  2 polar bears (Lair:4)
  A merfolk (D:11)
  3 trolls
  11 tyrant leeches
  20 tarantellas
  3 hornets
  2 saltlings (Vaults:1)
  7 raiju (Abyss:2)
  A blink frog (shapeshifter) (D:12)
  15 dream sheep
  17 blink frogs
  A death drake skeleton (Swamp:4)
  3 harpy skeletons (Volcano)
  A jumping spider (shapeshifter) (Elf:2)
  2 snapping turtles (Lair:5)
  27 jumping spiders
  38 slime creatures
  24 culicivoras
  3 flying skulls (Volcano)
  2 spriggans (Swamp:2)
  An air elemental (Elf:3)
  2 vampires
  3 large abominations (Abyss:2)
  38 yaks
  7 basilisks
  9 wyverns
  2 ynoxinuls (Abyss:2)
  An alligator skeleton (Volcano)
  A basilisk (shapeshifter) (D:13)
  2 humans (D:13)
  6 fire elementals
  8 vampire mosquitoes
  2 steam dragons (Lair:5)
  43 redbacks
  14 swamp worms
  Edmund (D:6)
  9 wargs
  3 acid dragons
  9 water moccasins
  2 hydra simulacra (Swamp:4)
  4 hell hounds (D:14)
  40 orc warriors
  9 swamp drakes
  A hornet zombie (D:15)
  5 ice beasts
  4 great orb of eyes simulacra (IceCv)
  A black bear (D:4)
  9 ogres
  3 starcursed masses (Abyss:2)
  14 wolves
  2 swamp dragon zombies (Swamp:4)
  A swamp dragon skeleton (Swamp:4)
  19 centaurs
  A slime creature simulacrum (IceCv)
  3 kobold brigands
  2 necrophages (D:5)
  A gnoll sergeant (D:9)
  2 small abominations (Abyss:2)
  10 bullfrogs
  2 earth elementals
  A human simulacrum (Depths:1)
  2 scorpions
  A wyvern zombie (D:5)
  2 glowing shapeshifter simulacra (IceCv)
  A water moccasin zombie (D:5)
  4 wights
  8 killer bees
  3 troll skeletons (Volcano)
  6 howler monkeys
  A spriggan skeleton (Volcano)
  A centaur zombie (D:5)
  A quasit (Abyss:2)
  A human zombie (D:5)
  A jelly (D:6)
  A bullfrog zombie (D:5)
  40 orc priests
  3 hounds
  A gnoll bouda (D:7)
  An iron imp (Abyss:2)
  A sleepcap (D:7)
  3 iguanas
  3 scorpion zombies (D:5)
  21 orc wizards
  2 boggart skeletons (D:15)
  3 naga skeletons (Volcano)
  A mummy (D:5)
  6 gnolls
  11 adders
  5 white imps
  3 ufetubi
  3 worms
  2 dart slugs
  82 orcs
  8 ball pythons
  2 endoplasms
  5 giant cockroaches
  6 goblins
  7 hobgoblins
  5 quokkas
  4 bats
  3 frilled lizards
  19 kobolds
1330 creatures vanquished.

Vanquished Creatures (collateral kills)
  A fenstrider witch (Swamp:2)
  2 orc high priests (Orc:2)
  A deep elf archer (Elf:1)
  A deep elf pyromancer (Elf:1)
  An ugly thing (D:15)
  A minotaur zombie (Gauntlet)
  2 dream sheep
  A culicivora (Spider:4)
  A yak (Lair:4)
  A redback (Spider:1)
  3 orc priests (Orc:2)
  3 orcs (Orc:2)
18 creatures vanquished.

Vanquished Creatures (others)
  A hell knight (Vaults:2)
  A deep elf knight (Elf:1)
  A steelbarb worm (Spider:4)
  A deep elf zephyrmancer (Elf:1)
  A wolf spider (Spider:1)
  2 bloated husks
  A water elemental (Elf:1)
  A redback (Spider:4)
  A quasit (Abyss:2)
  15 foxfires (Swamp:1)
25 creatures vanquished.

Grand Total: 1373 creatures vanquished

Notes
Turn   | Place    | Note
-------+----------+-------------------------------------------
     0 | D:1      | Gumption the Merfolk Gladiator began the quest for the Orb.
     0 | D:1      | Reached XP level 1. HP: 16/16 MP: 1/1
   354 | D:1      | Reached XP level 2. HP: 23/23 MP: 2/2
   659 | D:2      | Reached XP level 3. HP: 18/28 MP: 3/3
   864 | D:2      | Found a runed translucent door.
   865 | D:2      | Noticed Crazy Yiuf
   943 | D:2      | Identified the +0 pair of boots of Recklessness {Rampage
                  | rF+ rCorr}
  1030 | D:2      | Reached skill level 5 in Polearms
  1225 | D:2      | Reached XP level 4. HP: 33/34 MP: 4/4
  1704 | D:3      | Found a shadowy altar of Dithmenos.
  2081 | D:3      | Found a broken altar of Ashenzari.
  2150 | D:3      | Found an opulent altar of Gozag.
  2178 | D:3      | Became a worshipper of Gozag Ym Sagoz the Greedy
  2481 | D:3      | Found the +7 Throatcutter {drain, coup de grace}
  2481 | D:3      | Noticed a kobold brigand
  2481 | D:3      | Noticed a kobold brigand
  2504 | D:3      | Killed a kobold brigand
  2505 | D:3      | Reached skill level 5 in Dodging
  2505 | D:3      | Reached XP level 5. HP: 15/41 MP: 5/5
  2514 | D:3      | Killed a kobold brigand
  2515 | D:3      | Reached XP level 6. HP: 15/47 MP: 6/6
  2677 | D:4      | Found a glowing silver altar of Zin.
  2809 | D:4      | Reached skill level 1 in Long Blades
  2820 | D:4      | Noticed a black bear
  2828 | D:4      | Killed a black bear
  2861 | D:4      | Found the +1 Delatra's gloves {ID++}
  2890 | D:4      | Reached XP level 7. HP: 53/53 MP: 7/7
  3007 | D:4      | Found a sacrificial altar of Ru.
  3155 | D:4      | Found a blossoming altar of Fedhas.
  3299 | D:4      | Found a shimmering altar of Xom.
  3332 | D:5      | Entered Level 5 of the Dungeon
  3381 | D:5      | Identified the +2 arbalest "Stringbean" {antimagic, rPois}
  3393 | D:5      | Reached skill level 6 in Dodging
  3545 | D:5      | Found a basalt altar of Yredelemnul.
  3587 | D:5      | Found a staircase to the Ecumenical Temple.
  3594 | D:5      | Found a shimmering blue altar of Sif Muna.
  3708 | D:5      | Found a white marble altar of Elyvilon.
  3838 | D:5      | Found a glowing golden altar of the Shining One.
  4144 | D:5      | Reached XP level 8. HP: 61/61 MP: 8/8
  4159 | D:5      | Reached skill level 5 in Long Blades
  4163 | D:5      | Found an ancient bone altar of Kikubaaqudgha.
  4197 | D:5      | Reached skill level 5 in Fighting
  4372 | D:6      | Reached skill level 7 in Dodging
  4519 | D:6      | Reached skill level 5 in Throwing
  4616 | D:6      | Noticed Edmund
  4622 | D:6      | Killed Edmund
  4993 | D:6      | Found an iron altar of Okawaru.
  5175 | D:7      | Reached XP level 9. HP: 69/69 MP: 9/9
  5378 | D:7      | Found the +2 ratskin cloak {*Rats rPois rN+ Str-1 Int-1
                  | Dex+1}
  5436 | D:7      | Reached skill level 8 in Dodging
  5799 | D:7      | Identified the +6 scale mail of Dim Light {rElec Str-4
                  | Int+4}
  5861 | D:7      | Found a snail-covered altar of Cheibriados.
  6145 | D:8      | Found a radiant altar of Vehumet.
  6234 | D:8      | Identified the +0 ring mail of Oryic {rElec Will+ Slay+3}
  6472 | D:9      | Killed an unseen horror
  6556 | D:9      | Reached skill level 9 in Dodging
  6641 | D:9      | Reached XP level 10. HP: 79/79 MP: 10/10
  6658 | D:9      | Reached skill level 1 in Shields
  6974 | D:9      | Found Bipheusch's Armour Shoppe.
  7002 | D:9      | Found a staircase to the Orcish Mines.
  7261 | D:10     | Entered Level 10 of the Dungeon
  7476 | D:10     | Noticed a two-headed ogre
  7481 | D:10     | Killed a two-headed ogre
  7482 | D:10     | Reached skill level 10 in Long Blades
  7600 | D:10     | Noticed a wizard
  7606 | D:10     | Killed a wizard
  7750 | D:10     | Noticed Erolcha
  7853 | D:10     | Noticed a two-headed ogre
  7857 | D:10     | Killed a two-headed ogre
  7858 | D:10     | Reached skill level 10 in Dodging
  7858 | D:10     | Reached XP level 11. HP: 86/86 MP: 11/11
  7992 | D:10     | Found a sparkling altar of Nemelex Xobeh.
  8088 | D:10     | Killed Erolcha
  8089 | D:10     | Reached skill level 5 in Shields
  8527 | D:10     | Found a staircase to the Lair.
  8707 | D:11     | Noticed Nergalle
  8813 | D:11     | Noticed Erica
  8824 | D:11     | Killed Erica
  9204 | D:11     | Noticed Fannar
  9229 | D:11     | Killed Fannar
  9521 | D:11     | Noticed a two-headed ogre
  9529 | D:11     | Killed a two-headed ogre
  9530 | D:11     | Reached skill level 11 in Dodging
  9608 | D:11     | Noticed Sonja
  9612 | D:11     | Killed Sonja
  9685 | D:11     | Noticed a manticore
  9690 | D:11     | Killed a manticore
  9691 | D:11     | Reached XP level 12. HP: 74/94 MP: 12/12
  9764 | D:11     | Killed Nergalle
 10043 | Lair:1   | Entered Level 1 of the Lair of Beasts
 10054 | Lair:1   | Identified a scroll of acquirement
 10065 | Lair:1   | Noticed Gastronok
 10088 | Lair:1   | Killed Gastronok
 10276 | Lair:1   | Found a gate leading to a gauntlet.
 10285 | Gauntlet | Entered a Gauntlet
 10285 | Gauntlet | Found a transporter.
 10285 | Gauntlet | Found a transporter.
 10285 | Gauntlet | Found a transporter.
 10285 | Gauntlet | Found a runed translucent gate.
 10286 | Gauntlet | Noticed a catoblepas
 10286 | Gauntlet | Noticed a tengu warrior
 10287 | Gauntlet | Found a runed translucent gate.
 10288 | Gauntlet | Found a runed translucent gate.
 10297 | Gauntlet | Found a transporter.
 10300 | Gauntlet | Found a transporter.
 10309 | Gauntlet | Found a transporter.
 10311 | Gauntlet | Found a transporter.
 10313 | Gauntlet | Noticed a catoblepas
 10319 | Gauntlet | Found a transporter.
 10337 | Gauntlet | Found a transporter.
 10340 | Gauntlet | Noticed a quicksilver ooze
 10354 | Gauntlet | Found a transporter.
 10357 | Gauntlet | Found a transporter.
 10367 | Gauntlet | Found a transporter.
 10639 | Gauntlet | Killed a catoblepas
 10951 | Gauntlet | Killed a catoblepas
 10979 | Gauntlet | Identified the ring "Heduef" {rElec rF- rN+ Dex-5 SInv}
 11069 | Gauntlet | Acquired the ring of Vara {rC+ SInv}
 11107 | Gauntlet | Noticed a minotaur
 11118 | Gauntlet | Killed a minotaur
 11219 | Gauntlet | Identified the +0 pair of gloves of Supple Strength
                  | {Rampage rPois rCorr Int-4}
 11789 | Lair:1   | Reached skill level 12 in Dodging
 11867 | Lair:1   | Noticed Joseph
 11878 | Lair:1   | Killed Joseph
 11879 | Lair:1   | Reached XP level 13. HP: 103/103 MP: 13/13
 12369 | Lair:2   | Found a dark tunnel.
 12384 | Volcano  | Entered a volcano
 12485 | Volcano  | Reached skill level 10 in Fighting
 13024 | Lair:2   | Identified the ring of Asyuw {rElec rPois rN+ rCorr Str-5}
 13334 | Lair:2   | Found a hole to the Spider Nest.
 13471 | Lair:2   | Reached skill level 10 in Shields
 13816 | Lair:2   | Found a staircase to the Swamp.
 14095 | Lair:3   | You fall into a shaft and drop 2 floors!
 14095 | Lair:5   | Entered Level 5 of the Lair of Beasts
 14149 | Lair:4   | Reached skill level 13 in Dodging
 14382 | Lair:3   | Reached skill level 10 in Throwing
 14662 | Lair:3   | Found a one-way gate to the infinite horrors of the Abyss.
 14662 | Lair:3   | Noticed Voland's ghost (journeyman TeAE)
 14854 | Lair:3   | Found a transporter.
 14857 | Lair:3   | Found a transporter.
 15456 | Lair:4   | Reached XP level 14. HP: 113/113 MP: 14/14
 15714 | Lair:4   | Found a staircase to the Slime Pits.
 15769 | Lair:4   | Reached skill level 14 in Dodging
 16408 | Lair:5   | Reached skill level 1 in Armour
 18004 | Lair:5   | Found the +8 trident of the Octopus King {venom, rElec
                  | rPois}
 18011 | Lair:5   | Reached XP level 15. HP: 122/122 MP: 15/15
 18638 | D:12     | Reached skill level 1 in Evocations
 18903 | D:11     | Reached skill level 5 in Armour
 19569 | D:13     | Found Kix Tog's Armour Shop.
 19726 | D:13     | Acquired 322 gold pieces
 20250 | D:13     | Found a gate to the Vaults.
 20525 | D:13     | Found a runed translucent gate.
 20525 | D:13     | Found a runed translucent gate.
 20525 | D:13     | Found a runed translucent gate.
 20528 | D:13     | Noticed tykejmi's ghost (journeyman SpEn)
 20838 | D:14     | Identified the +7 tower shield of the Serpent {Dex+4}
 20838 | D:14     | Noticed Louise
 21348 | D:14     | Noticed Azrael
 21364 | D:14     | Killed Azrael
 21562 | D:14     | Found a portal to a secret trove of treasure.
 21850 | D:14     | Acquired 1071 gold pieces
 21886 | D:15     | Entered Level 15 of the Dungeon
 22113 | D:15     | Bought 2 throwing nets for 90 gold pieces
 22344 | D:15     | Found Zoiresmu's Armour Boutique.
 22736 | D:15     | Reached skill level 5 in Evocations
 23180 | Abyss:2  | Found a corrupted altar of Lugonu.
 23180 | Abyss:2  | Cast into level 2 of the Abyss (Louise)
 23223 | Abyss:2  | Paralysed by a great orb of eyes for 5 turns
 23266 | Abyss:2  | Found a corrupted altar of Lugonu.
 23266 | Abyss:2  | Found a corrupted altar of Lugonu.
 23422 | Abyss:2  | Noticed a profane servitor
 23540 | Abyss:2  | Noticed a deep elf sorcerer
 23561 | Abyss:2  | Killed a deep elf sorcerer
 23562 | Abyss:2  | Reached XP level 16. HP: 82/130 MP: 16/16
 23736 | Abyss:2  | Noticed a hellephant
 23786 | Abyss:2  | Found a corrupted altar of Lugonu.
 23791 | Abyss:2  | Noticed a hellephant
 23863 | D:14     | Escaped the Abyss
 24264 | D:14     | Killed Louise
 24823 | D:15     | Found a staircase to the Depths.
 25066 | Orc:1    | Entered Level 1 of the Orcish Mines
 26418 | Orc:2    | Entered Level 2 of the Orcish Mines
 27040 | Orc:2    | Found a runed translucent gate.
 27040 | Orc:2    | Found a runed translucent gate.
 27040 | Orc:2    | Found a runed translucent gate.
 27042 | Orc:2    | Noticed Lunarhour's ghost (journeyman MiBe)
 27299 | Orc:2    | Found a staircase to the Elven Halls.
 27471 | Orc:2    | Found Goxium Qopiz's Assorted Antiques.
 27471 | Orc:2    | Found Baucigui's Magic Scroll Boutique.
 28083 | Orc:2    | Found Enist's Armour Emporium.
 28083 | Orc:2    | Found Keti's Distillery.
 28189 | Orc:2    | Bought a scroll of fear for 56 gold pieces
 28189 | Orc:2    | Bought a scroll of fear for 56 gold pieces
 28189 | Orc:2    | Bought a scroll of teleportation for 42 gold pieces
 28189 | Orc:2    | Bought a scroll of teleportation for 42 gold pieces
 28227 | Orc:2    | Bought 2 potions of degeneration for 30 gold pieces
 28238 | Orc:2    | Bought the +2 shield of Resistance {rF++ rC++ Will++} for
                  | 1269 gold pieces
 28238 | Orc:2    | Found the +2 shield of Resistance {rF++ rC++ Will++}
 28557 | Spider:1 | Entered Level 1 of the Spider Nest
 28611 | Lair:2   | Gained mutation: You are dopey. (Int -2) [mutagenic glow]
 28635 | Lair:2   | Gained mutation: Potions are less effective at restoring
                  | your health. [mutagenic glow]
 28776 | Spider:1 | Reached skill level 15 in Dodging
 29940 | Spider:2 | Reached XP level 17. HP: 137/137 MP: 17/17
 30918 | Spider:2 | Identified the +0 quarterstaff of Zuurruof {venom, rPois
                  | rN+}
 31241 | Spider:2 | Reached skill level 10 in Evocations
 32786 | Spider:3 | Reached skill level 15 in Shields
 33581 | Spider:4 | Entered Level 4 of the Spider Nest
 36739 | Spider:4 | Reached XP level 18. HP: 139/147 MP: 18/18
 36945 | Spider:4 | Noticed Aizul
 36973 | Spider:4 | Killed Aizul
 37728 | Spider:4 | Got a gossamer rune of Zot
 38280 | Swamp:1  | Entered Level 1 of the Swamp
 38786 | Swamp:1  | Noticed Mlioglotl
 38805 | Swamp:1  | Killed Mlioglotl
 38806 | Swamp:1  | Reached skill level 15 in Fighting
 39882 | Swamp:2  | Noticed a tentacled monstrosity
 39920 | Swamp:2  | Killed a tentacled monstrosity
 40028 | Swamp:2  | Noticed a tentacled monstrosity
 40252 | Swamp:2  | Killed a tentacled monstrosity
 41209 | Swamp:3  | Reached skill level 16 in Dodging
 41604 | Swamp:4  | Entered Level 4 of the Swamp
 41806 | Swamp:4  | Noticed a tentacled monstrosity
 41820 | Swamp:4  | Killed a tentacled monstrosity
 42427 | Swamp:4  | Paralysed by a vampire knight for 4 turns
 42431 | Swamp:4  | HP: 4/144 [vampire knight/+1 great mace of draining (20)]
 43146 | Swamp:4  | Reached XP level 19. HP: 152/153 MP: 19/19
 43563 | Swamp:4  | Found a basalt altar of Yredelemnul.
 43575 | Swamp:4  | Got a decaying rune of Zot
 43597 | Swamp:4  | Found a blossoming altar of Fedhas.
 44851 | Depths:1 | Entered Level 1 of the Depths
 45608 | Elf:1    | Entered Level 1 of the Elven Halls
 45620 | Elf:1    | Reached skill level 15 in Long Blades
 45741 | Elf:1    | Found a frozen archway.
 45759 | IceCv    | Entered an ice cave
 46088 | IceCv    | Reached skill level 17 in Dodging
 46260 | IceCv    | Identified the ring of Xiew {Str+6 Stlth+}
 46263 | IceCv    | Got the ring "Noneteh" {Ice SInv}
 46264 | IceCv    | Identified the +0 ice dragon scales of the Past {Harm
                  | *Corrode rF- rC++ rN++ Regen+}
 46524 | IceCv    | Found a viscous altar of Jiyva.
 46728 | IceCv    | Got the ring "Oggorph" {rPois rC+ Int-5 Slay+5 Stlth+}
 46742 | IceCv    | Lost intelligence.
 47698 | Elf:1    | Identified the +7 whip of Conscience {venom, Int+2 Dex+7}
 47716 | Elf:1    | Identified the +8 flail "Zitag" {chaos, rF+ rC++ Str+3
                  | Stlth+}
 47796 | Elf:1    | Found a runed translucent gate.
 47796 | Elf:1    | Found a runed translucent gate.
 47796 | Elf:1    | Found a runed translucent gate.
 47796 | Elf:1    | Found a runed translucent gate.
 47796 | Elf:1    | Found a runed translucent gate.
 47798 | Elf:1    | Found a runed translucent gate.
 48859 | Elf:2    | Found Nofez's Antique Weapon Boutique.
 48936 | Elf:2    | Found Hafutuh's Jewellery Emporium.
 49585 | Elf:2    | Bought the ring "Guig" {Drain Fly rElec Slay+4} for 1504
                  | gold pieces
 49646 | Elf:2    | Found Juoco's Assorted Antiques.
 49774 | Elf:2    | Found a runed translucent gate.
 49775 | Elf:2    | Found a runed translucent gate.
 49775 | Elf:2    | Found a runed translucent gate.
 49809 | Elf:2    | Reached skill level 18 in Dodging
 49809 | Elf:2    | Reached XP level 20. HP: 166/168 MP: 20/20
 49959 | Elf:2    | Found Nuut's Jewellery Shop.
 50052 | Elf:3    | Entered Level 3 of the Elven Halls
 50732 | Elf:3    | Paralysed by an air elemental for 1 turns
 50742 | Elf:3    | Found Xija Wea's Book Shop.
 50742 | Elf:3    | Found Kuix's Jewellery Emporium.
 50744 | Elf:3    | Found Geofeg's Jewellery Emporium.
 50759 | Elf:3    | Bought the amulet "Vuebauco" {rN+ Regen+} for 700 gold
                  | pieces
 51264 | Elf:3    | Identified the +7 broad axe of Tartarus {vamp, rN+}
 51304 | Elf:3    | Identified the ring of Cirroukarr {EV+5 Int+5}
 51309 | Elf:3    | Identified the +0 robe "Ripof" {Dex+3}
 51680 | Elf:3    | Identified the staff of air "Nemikeno" {rElec rPois}
 51683 | Elf:3    | Got the Grimoire of the Lonely Teeth
 51700 | Elf:3    | Identified the +2 chain mail of the Valley of Death {Int+4
                  | SInv}
 51726 | Elf:3    | Identified the +6 great mace of Kamimynk {speed, rC- Int+8
                  | Stlth+}
 51763 | Elf:3    | Reached skill level 19 in Dodging
 53202 | Vaults:1 | Entered Level 1 of the Vaults
 53822 | Vaults:1 | Reached XP level 21. HP: 166/178 MP: 21/21
 54065 | Vaults:1 | Reached skill level 20 in Dodging
 54765 | Vaults:1 | Identified the +11 great sword of Optimality {venom, rPois
                  | Will+ Dex+2}
 55358 | Vaults:2 | Noticed an ancient lich
 55377 | Vaults:2 | Noticed Jory
 55407 | Vaults:2 | Killed an ancient lich
 55430 | Vaults:2 | Shot with a bolt by a yaktaur

Illustrated notes

Levels and vault maps discovered:
D:1:      evilmike_arrival_hilbert_curve, layout_rooms
D:2:      layout_loops_ring, uniq_crazy_yiuf_cottage
D:3:      layout_basic, grunt_dithmenos_smoke_and_mirrors, old_standard_altar,
          nicolae_gozag_seed_capital, minmay_misc_feat_x, nrook_mini_backslash,
          dilly_guarded_unrand_throatcut
D:4:      layout_loops_ring, kennysheep_mini_moat,
          mainiacjoe_overflow_catch_the_wave,
          mainiacjoe_overflow_six_doors_small, hangedman_abyss_or_decor_stagger
D:5:      layout_cave_pods, kennysheep_ying_yang,
          lemuel_mausoleum_altar_kikubaaqudgha, mainiacjoe_overflow_boulevard,
          tso_oasis_becter, minmay_temple_entry_grid
D:6:      layout_loops_cross, mainiacjoe_overflow_alcove_1, serial_glass,
          glass_columns_c, glass_columns_b, uniq_edmund
D:7:      layout_basic, kennysheep_mini, serial_rivers,
          chequers_serial_rivers_room_b, chequers_serial_rivers_large_a,
          chequers_serial_rivers_micro_a, chequers_serial_rivers_room_a,
          moated_statue, minivault_19
D:8:      layout_cave_pools, vehumet_crystals
D:9:      layout_long_grid, david_orc_2, serial_shops, shop
D:10:     layout_basic, mainiacjoe_overflow_24_doors, erik_lair_dragon,
          uniq_erolcha
D:11:     layout_roguey, hangedman_fish_farm, uniq_fannar, uniq_erica,
          uniq_sonja, uniq_nergalle
D:12:     layout_basic
D:13:     layout_loops_ring, grunt_vaults_entry_fortified,
          gammafunk_ghost_spectres, serial_shops, nicolae_shop_back_alley_shop
D:14:     layout_cave_pools, chequers_jeans, nicolae_trove_entry_crossroad,
          kennysheep_nondescript, uniq_azrael, uniq_louise
D:15:     grunt_enter_depths_magical_seal, layout_layer_cave, serial_shops,
          shop, dreamdust_princess_bridge
Lair:1:   layout_roguey, gauntlet_entry_generic, uniq_joseph, uniq_gastronok
Lair:2:   layout_regular_city, palyth_hydra_swamp_entry, spider_nest_entry_a,
          enter_volcano_2
Lair:3:   layout_loops_ring, gammafunk_ghost_abyssal_escape,
          kennysheep_basilisk_garden
Lair:4:   layout_regular_city, slime_entry_1, nicolae_lair_grazing_beasts
          [nicolae_sub_lair_graze_edge, nicolae_sub_lair_graze_edge,
          nicolae_sub_lair_graze_edge, nicolae_sub_lair_graze_edge],
          lemuel_fruit_fields
Lair:5:   gammafunk_lair_ancient_temple, layout_long_grid, hibernation_bobbens
Swamp:1:  layout_basic_swamp, evilmike_swamp_ruin_house_3, uniq_mlioglotl
Swamp:2:  layout_basic_swamp, nicolae_swamp_round_clearing,
          infiniplex_staircase_pool_2
Swamp:3:  layout_falls_marsh, evilmike_swamp_ruin_house_1
Swamp:4:  byrel_swamp_growth_death_and_undeath, layout_basic_swamp
Spider:1: layout_spider_delve
Spider:2: layout_spider_delve, drop_trap
Spider:3: layout_spider_delve, nicolae_spider_eight_legs,
          hangedman_spider_tarantella_strand
Spider:4: guppyfry_spider_rune, uniq_aizul
Orc:1:    orc_temple, layout_diamond_mine, basic_altar, nicolae_orc_lava_room
Orc:2:    st_orc_town, layout_caves, maelrawn_ghost_gauntlet_escape
Elf:1:    minmay_elf_arrival_plus, layout_geoelf_octagon,
          portal_ice_cave_entry_pillars_2, orc_legates
Elf:2:    elven_hall_of_blades_hangedman_original
          [nicolae_blade_entry_area_security], layout_geoelf_grid, serial_shops,
          nicolae_shop_rolling_square, shop, nicolae_square_shop,
          nicolae_shop_back_alley_shop
Elf:3:    grunt_elf_hall_spiral, layout_loops_corners, minmay_shop_grove
Vaults:1: portal_desolation_entry_nicolae_nacl,
          vaults_room_grunt_arrival_checkpoint, nicolae_vaults_disjoint_gnomons,
          ontoclasm_vaults_tryst, nicolae_vaults_big_ls,
          vaults_standard_mumra_lines, nicolae_vaults_security_offices_2,
          v_pattern_5, vaults_room_large_hall, nicolae_vaults_wrenched,
          nicolae_vaults_apartment_1, vaults_room_semicircle,
          layout_vaults_big_room
Vaults:2: v_alt_pattern_2, hangedman_vaults_stagger, grunt_vaults_twisty,
          v_pattern_2, vaults_room_corners, ontoclasm_vaults_bender,
          nicolae_vaults_tangram_2, nicolae_vaults_shock_wave,
          nicolae_vaults_weapon_check, vaults_mumra_chevron,
          nicolae_vaults_rhombus_7, layout_vaults_maze_snakey, uniq_jory,
          uniq_margery, uniq_donald
Depths:1: layout_long_grid, hell_entry, hangedman_abyss_or_decor_clamps,
          led_sif_pool, kennysheep_random_hallway

Skill      XL: |  1  2  3  4  5  6  7  8  9 10 11 12 13 14 15 16 17 18 19 20 21 |
---------------+----------------------------------------------------------------+-----
Polearms       | 5 6 |  6.3
Fighting       | 3 4 5 7 8 9 11 12 13 14 15 17 18 19 | 19.2
Throwing       | 3 4 5 6 7 8 9 10 11 12 | 12.0
Dodging        | 5 6 7 9 10 11 12 13 14 15 16 18 19 20 | 20.0
Long Blades    | 2 4 6 9 10 12 13 14 16 | 16.0
Shields        | 4 7 8 10 12 13 15 17 18 19 | 19.7
Armour         | 4 8 |  8.0
Evocations     | 6 9 11 12 | 12.0

Action                     |  1- 3 |  4- 6 |  7- 9 | 10-12 | 13-15 | 16-18 | 19-21 || total
---------------------------+-------+-------+-------+-------+-------+-------+-------++-------
  Melee: Trident           |   102 |   113 |       |       |       |       |       ||   215
         Punch             |     1 |     2 |     1 |       |       |       |       ||     4
         Long sword        |       |    17 |   176 |   383 |  1207 |  1988 |       ||  3771
         Scimitar          |       |       |       |       |    50 |    70 |       ||   120
         Tailslap          |       |       |       |       |    21 |    61 |     8 ||    90
         Double sword      |       |       |       |       |       |   254 |  1519 ||  1773
   Fire: Arbalest          |       |       |     5 |       |       |       |       ||     5
  Throw: Boomerang         |       |     7 |    50 |    21 |    20 |    40 |     3 ||   141
         Throwing net      |       |     2 |       |       |       |     2 |       ||     4
         Javelin           |       |     1 |       |       |    57 |    31 |    12 ||   101
         Dart              |       |       |       |     7 |     1 |       |       ||     8
 Invoke: Call Merchant     |       |       |       |       |     1 |       |       ||     1
         Potion Petition   |       |       |       |       |       |     2 |     3 ||     5
         Bribe Branch      |       |       |       |       |       |       |     1 ||     1
  Evoke: Wand              |       |       |       |       |     5 |     9 |       ||    14
         Tin of tremorston |       |       |       |       |       |     2 |       ||     2
         Phial of floods   |       |       |       |       |       |     1 |       ||     1
    Use: Scroll            |       |     1 |       |    14 |    15 |    17 |     3 ||    50
         Potion            |       |       |       |     5 |     1 |    11 |     3 ||    20
   Stab: Sleeping          |     2 |       |       |       |       |       |       ||     2
         Distracted        |       |       |       |     2 |     8 |    11 |    10 ||    31
         Paralysed         |       |       |       |       |       |    21 |       ||    21
         Invisible         |       |       |       |       |       |     1 |     5 ||     6
         Confused          |       |       |       |       |       |     6 |       ||     6
 Armour: Leather armour    |    33 |       |       |       |       |       |       ||    33
         Scale mail        |       |    42 |    78 |   105 |   394 |    56 |       ||   675
         Skin              |       |       |       |     3 |       |       |       ||     3
         Chain mail        |       |       |       |       |       |   613 |   355 ||   968
         Plate armour      |       |       |       |       |       |       |   175 ||   175
  Dodge: Dodged            |    55 |    77 |    91 |   110 |   541 |   839 |   594 ||  2307
  Block: Kite shield       |       |       |     2 |   213 |   943 |   104 |  1007 ||  2269
         Tower shield      |       |       |       |       |       |  3062 |   131 ||  3193
